 Dungeon Crawl Stone Soup version 0.14-a0-2564-g94087c3 (webtiles) character file.

42970 Jenx the Eclecticist (level 13, 0/93 HPs)
             Began as a High Elf Conjurer on Feb 11, 2014.
             Was an Elder of Vehumet.
             Slain by an anaconda (7 damage)
             ... on Level 1 of the Snake Pit.
             The game lasted 01:38:04 (25373 turns).

Jenx the Eclecticist (High Elf Conjurer)           Turns: 25373, Time: 01:38:04

HP   0/93        AC 15     Str  9      XL: 13   Next: 84%
MP  36/37        EV 13     Int 26      God: Vehumet [****..]
Gold 720         SH 14     Dex 16      Spells: 12 memorised,  3 levels left

rFire  . . .     SeeInvis .     a - +4,+2 dagger (protect)
rCold  + + .     Clarity  .     P - +2 robe {rC+}
rNeg   . . .     Conserve .     s - +2 buckler
rPois  +         rCorr    .     g - +2 helmet
rElec  .         rRot     .     D - +0 cloak
SustAb . .       Spirit   .     r - +1 pair of gloves
rMut   .         Warding  .     F - -1 pair of boots
Saprov . . .     Stasis   .     (no amulet)
MR     +....                    J - ring of poison resistance
                                l - ring of the Six Demons {rC+ Int+3 Stlth-}

@: about to teleport, constricted, somewhat resistant to hostile enchantments,
unstealthy
A: no striking features
a: Renounce Religion


You were on level 1 of the Snake Pit.
You worshipped Vehumet.
Vehumet was greatly pleased with you.
You were not hungry.

You visited 4 branches of the dungeon, and saw 19 of its levels.

You collected 892 gold pieces.
You spent 172 gold pieces at shops.

Inventory:

Hand weapons
 a - a +4,+2 dagger of protection (weapon)
Missiles
 R - 3 poisoned tomahawks (quivered)
Armour
 g - a +2 helmet (worn)
 r - a +1 pair of gloves (worn)
 s - a +2 buckler (worn)
 D - a +0 cloak (worn)
 F - a -1 pair of boots (worn)
 P - a +2 robe of cold resistance (worn)
Magical devices
 c - a wand of lightning (5)
 e - a wand of frost (0)
 f - a wand of enslavement (14)
 i - a wand of flame (6)
 p - a wand of frost (10)
 y - a wand of hasting (6)
 C - a wand of teleportation (0)
Comestibles
 h - 5 meat rations
 v - 9 bread rations
 w - 2 rotting chunks of anaconda flesh
Scrolls
 b - a scroll of identify
 j - a scroll of enchant weapon I
 k - 3 scrolls of silence
 n - a scroll of magic mapping
 q - 5 scrolls of teleportation
 t - 4 scrolls of remove curse
 I - 2 scrolls of fog
Jewellery
 l - the ring of the Six Demons (left hand) {rC+ Int+3 Stlth-}
   (You found it on level 9 of the Dungeon)

   [ring of intelligence]

   It affects your intelligence (+3).
   It protects you from cold.
   It makes you much less stealthy.
 u - an uncursed amulet of stasis
 J - a ring of poison resistance (right hand)
Potions
 x - 2 potions of flight
 B - a potion of restore abilities
 K - 2 potions of agility
Books
 z - a book of Wizardry

   Spells                             Type                      Level
   Summon Elemental                   Summoning                    4
   Agony                              Necromancy                   5
   Force Lance                        Conjuration                  5
   *Fireball                          Conjuration/Fire             5
   Haste                              Charms                       6
   Invisibility                       Hexes                        6
Miscellaneous
 o - a box of beasts


   Skills:
 - Level 10.3 Fighting
 - Level 2.1 Dodging
 - Level 2.1 Stealth
 - Level 6.0 Shields
 * Level 15.9 Spellcasting
 - Level 11.1 Conjurations
   Level 1.0 Hexes
 - Level 5.2 Charms
 + Level 8.4 Fire Magic
 - Level 7.1 Air Magic


You had 3 spell levels left.
You knew the following spells:

 Your Spells              Type           Power        Failure   Level  Hunger
a - Magic Dart            Conj           ####         1%          1    None
b - Sticky Flame          Conj/Fire      ######..     1%          4    None
c - Mephitic Cloud        Conj/Pois/Air  ######..     1%          3    None
d - Iskenderun's Battles  Conj/Chrm      ######..     1%          4    None
e - Fireball              Conj/Fire      ######....   1%          5    None
f - Conjure Ball Lightni  Conj/Air       ######....   3%          6    ####...
g - Flight                Chrm/Air       ######....   1%          3    None
h - Repel Missiles        Chrm/Air       ######       1%          2    None
i - Swiftness             Chrm/Air       ######..     1%          2    None
j - Ignite Poison         Fire/Trmt      #####.....   4%          5    None
k - Summon Butterflies    Summ           ###.....     2%          1    None
x - Iskenderun's Mystic   Conj           ######..     1%          4    None


Dungeon Overview and Level Annotations

Branches:
Dungeon (11/16)            Temple (1/1) D:7             Orc (0/4) D:10
   Lair (6/8) D:11         Shoals (0/5) Lair:3        Snake (1/5) Lair:3
  Slime (0/6) Lair:6

Altars:
Ashenzari
Cheibriados
Dithmenos
Fedhas
Makhleb
Nemelex Xobeh
Okawaru
Vehumet
Xom
Yredelemnul
The Shining One
Jiyva

Shops:
D:4 (   D:5 }   D:9 ?   D:10 !

Portals:
Trove: D:10 (give 15 potions of curing)

Annotations:
D:11 exclusion: ice statue


Message History

Okay, then.
Casting: Sticky Flame
Confirm with . or Enter, or press ? or * to list all spells.
Aiming: Sticky Flame
Press: ? - help, Shift-Dir - straight line, f - anaconda
Aim: an anaconda (constricting you)
Okay, then.
Casting: Sticky Flame
Confirm with . or Enter, or press ? or * to list all spells.
Okay, then.
Casting: Sticky Flame
Confirm with . or Enter, or press ? or * to list all spells.
Okay, then.
Evoke which item? (* to show all) (? for menu, Esc to quit)
Zapping:
C - a wand of teleportation {zapped: 3}
Press: ? - help, Shift-Dir - straight line, f - you You feel strangely unstable.
The black mamba bites you!
* * * LOW HITPOINT WARNING * * *
The anaconda bites you!
You die...

##..##### ### #........ ..#
#...##..# #.# ####..%##..# #.#
##..........# #.# #...........#
#.# #...........#
####.#######.###...##...
#..[.%S@..............##
.####.####.##..S............##.#
.........S.##.#######)####### #
.####.#######.# #.# #.# #.# ..#
#.. #.# ### #.# #.#


You could see an anaconda and a black mamba.

Vanquished Creatures
  The ghost of TomPliss the Shatterer, a powerful OgHu of Xom (Lair:4)
  Harold (Lair:5)
  4 hydras
  2 anacondas (Snake:1)
  11 death yaks
  An unseen horror (D:10)
  A ball lightning (Lair:4)
  A hill giant (D:10)
  A shock serpent (Snake:1)
  2 mana vipers (Snake:1)
  12 black mambas
  A cyclops (D:11)
  An oklob plant (Lair:5)
  Maurice (D:11)
  A feature mimic (Lair:2)
  7 spiny frogs
  Psyche (D:8)
  2 guardian serpents (D:9)
  2 naga magi (Snake:1)
  A fire drake (Lair:1)
  A troll (D:9)
  4 komodo dragons
  2 polar bears
  A grizzly bear (Lair:5)
  2 basilisks
  A trapdoor spider (D:11)
  A snapping turtle (Lair:3)
  A wyvern (Lair:4)
  5 blink frogs (Lair:4)
  2 sharks (Lair:5)
  18 yaks
  An elephant slug (Lair:6)
  A wraith (D:11)
  Eustachio (D:4)
  A hog (shapeshifter) (D:10)
  4 hippogriffs
  A hill giant zombie (D:9)
  11 wolves
  A deep elf fighter (D:11)
  6 porcupines
  A necrophage (D:9)
  3 phantoms
  3 nagas (Snake:1)
  4 sky beasts
  2 ice beasts
  3 ogres
  5 orc warriors
  A yellow wasp (D:10)
  3 centaurs
  11 crocodiles
  Duvessa (D:8)
  A boring beetle (Lair:4)
  3 giant slugs
  14 water moccasins
  12 giant frogs
  2 agate snails
  A hippogriff skeleton (D:5)
  A hippogriff zombie (D:8)
  11 killer bees
  3 wights (D:7)
  An electric eel (Lair:3)
  3 goliath beetles
  6 jellyfish
  Dowan (D:8)
  7 orc priests
  4 crimson imps
  3 jellies
  A centaur zombie (D:5)
  Crazy Yiuf (D:3)
  11 hounds
  12 orc wizards
  3 big fish
  A centaur skeleton (D:4)
  8 iguanas
  5 scorpions
  11 worker ants
  6 sheep
  A hound skeleton (D:5)
  3 gnolls (D:4)
  24 adders
  5 giant centipedes
  37 green rats
  An inept feature mimic (D:2)
  6 giant mites
  9 worms
  4 giant eyeballs
  40 orcs
  3 ball pythons
  A bat zombie (D:8)
  7 giant cockroaches
  16 hobgoblins
  43 jackals
  36 bats
  9 giant geckos
  5 giant newts
  2 giant spores
  10 goblins
  A goblin skeleton (D:4)
  2 hobgoblin skeletons
  A jackal skeleton (D:5)
  17 kobolds
  2 orc skeletons
  11 quokkas
  A quokka zombie (D:5)
  37 rats
  4 ballistomycetes
  3 fungi
  2 plants (Lair:5)
631 creatures vanquished.

Vanquished Creatures (others)
  27 ball lightnings
  3 orcs
  A giant spore (D:10)
  5 butterflies
  2 fungi
  A plant (Lair:5)
39 creatures vanquished.

Grand Total: 670 creatures vanquished

Notes
Turn   | Place    | Note
--------------------------------------------------------------
     0 | D:1      | Jenx, the High Elf Conjurer, began the quest for the Orb.
     0 | D:1      | Reached XP level 1. HP: 11/11 MP: 4/4
   393 | D:1      | Reached XP level 2. HP: 15/17 MP: 3/6
   409 | D:1      | Reached skill level 5 in Conjurations
  1259 | D:2      | Reached XP level 3. HP: 21/21 MP: 5/8
  1310 | D:2      | Learned a level 3 spell: Dazzling Spray
  1558 | D:2      | Reached skill level 6 in Conjurations
  1773 | D:2      | Reached skill level 1 in Hexes
  1773 | D:2      | Reached XP level 4. HP: 20/27 MP: 4/11
  1999 | D:2      | Found a glowing golden altar of the Shining One.
  2165 | D:2      | Learned a level 4 spell: Iskenderun's Battlesphere
  2515 | D:3      | Reached skill level 1 in Charms
  2836 | D:3      | Reached XP level 5. HP: 31/31 MP: 4/14
  3711 | D:3      | Found a sparkling altar of Nemelex Xobeh.
  3867 | D:3      | Noticed Crazy Yiuf
  3876 | D:3      | Killed Crazy Yiuf
  4043 | D:4      | Reached XP level 6. HP: 33/36 MP: 16/16
  4220 | D:4      | Reached skill level 5 in Charms
  4493 | D:4      | Noticed Eustachio
  4625 | D:4      | Killed Eustachio
  4665 | D:4      | Paralysed by a giant eyeball for 3 turns
  4843 | D:4      | Reached XP level 7. HP: 41/41 MP: 12/20
  4855 | D:4      | Learned a level 4 spell: Iskenderun's Mystic Blast
  4906 | D:4      | Found Kury Mos' Antique Weapon Emporium.
  5288 | D:4      | Reached skill level 5 in Spellcasting
  5644 | D:4      | Found a burning altar of Makhleb.
  5688 | D:5      | Entered Level 5 of the Dungeon
  6047 | D:5      | Reached skill level 7 in Conjurations
  6162 | D:5      | Found Ijuconof's Gadget Emporium.
  6292 | D:5      | Reached skill level 1 in Shields
  6579 | D:5      | Reached XP level 8. HP: 46/46 MP: 6/24
  7022 | D:6      | Reached skill level 5 in Shields
  7209 | D:6      | Reached skill level 1 in Fighting
  8034 | D:7      | Found a staircase to the Ecumenical Temple.
  8039 | Temple   | Entered the Ecumenical Temple
  8061 | Temple   | Became a worshipper of Vehumet
  8093 | D:7      | Reached XP level 9. HP: 58/58 MP: 16/26
  8108 | D:7      | Paralysed by a giant eyeball for 3 turns
  8492 | D:7      | Reached skill level 5 in Fighting
  9328 | D:8      | Found a shadowy altar of Dithmenos.
  9368 | D:8      | Reached skill level 8 in Conjurations
  9399 | D:8      | Noticed Psyche
  9405 | D:8      | Killed Psyche
  9405 | D:8      | Reached skill level 9 in Conjurations
  9671 | D:8      | Noticed Duvessa
  9671 | D:8      | Noticed Dowan
  9800 | D:8      | Found a basalt altar of Yredelemnul.
 10109 | D:8      | Killed Duvessa
 10110 | D:8      | Killed Dowan
 10325 | D:9      | Acquired Vehumet's first power
 10325 | D:9      | Offered knowledge of Shock by Vehumet.
 10327 | D:9      | Noticed a guardian serpent
 10333 | D:9      | Killed a guardian serpent
 10333 | D:9      | Reached skill level 10 in Conjurations
 10665 | D:9      | Reached XP level 10. HP: 68/68 MP: 25/28
 10717 | D:9      | Found an iron altar of Okawaru.
 10733 | D:9      | Got a steaming lead ring
 10929 | D:9      | Reached skill level 11 in Conjurations
 10948 | D:9      | Noticed a guardian serpent
 10956 | D:9      | Killed a guardian serpent
 10993 | D:9      | Identified the ring of the Six Demons {rC+ Int+3 Stlth-} (You found it on level 9 of the Dungeon)
 11202 | D:9      | Offered knowledge of Sting by Vehumet.
 11342 | D:9      | Found a shattered altar of Ashenzari.
 11398 | D:9      | Found Chapp's Magic Scroll Shoppe.
 11401 | D:9      | Bought a scroll of identify for 30 gold pieces
 11401 | D:9      | Bought a scroll of amnesia for 82 gold pieces
 11401 | D:9      | Bought a scroll of identify for 30 gold pieces
 11401 | D:9      | Bought a scroll of identify for 30 gold pieces
 11527 | D:10     | Entered Level 10 of the Dungeon
 11672 | D:10     | Found a shattered altar of Ashenzari.
 11673 | D:10     | Noticed a hill giant
 11698 | D:10     | Killed a hill giant
 11859 | D:10     | Found a staircase to the Orcish Mines.
 11881 | D:10     | Paralysed by a giant eyeball for 4 turns
 11888 | D:10     | Paralysed by a giant eyeball for 3 turns
 11894 | D:10     | Paralysed by a giant eyeball for 3 turns
 12097 | D:10     | Found a portal to a secret trove of treasure.
 12233 | D:10     | Found Anudear's Distillery.
 12247 | D:10     | Killed an unseen horror
 12247 | D:10     | Offered knowledge of Stone Arrow by Vehumet.
 12741 | D:11     | Noticed a black mamba
 12742 | D:11     | Noticed Maurice
 12742 | D:11     | a black mamba changed into a hog
 12753 | D:10     | Reached skill level 10 in Fighting
 12956 | D:11     | Acquired Vehumet's second power
 12959 | D:11     | Killed Maurice
 12959 | D:11     | Reached XP level 11. HP: 58/81 MP: 11/28
 13082 | D:11     | Offered knowledge of Mephitic Cloud by Vehumet.
 13090 | D:11     | Learned a level 3 spell: Mephitic Cloud
 13161 | D:11     | Found a staircase to the Lair.
 13171 | Lair:1   | Entered Level 1 of the Lair of Beasts
 13403 | Lair:1   | Learned a level 3 spell: Flight
 13677 | Lair:1   | Noticed a five-headed hydra
 13683 | Lair:1   | Killed a five-headed hydra
 14534 | Lair:2   | Learned a level 2 spell: Repel Missiles
 15185 | Lair:2   | Acquired Vehumet's third power
 15538 | Lair:3   | Offered knowledge of Sticky Flame by Vehumet.
 15544 | Lair:3   | Learned a level 4 spell: Sticky Flame
 15579 | Lair:3   | Noticed a seven-headed hydra
 15771 | Lair:3   | Found a staircase to the Shoals.
 16427 | Lair:3   | Reached skill level 1 in Fire Magic
 16554 | Lair:3   | Found a staircase to the Snake Pit.
 16571 | Lair:3   | Reached skill level 10 in Spellcasting
 16859 | Lair:3   | Offered knowledge of Conjure Ball Lightning by Vehumet.
 16868 | Lair:3   | Killed a seven-headed hydra
 16868 | Lair:3   | Reached XP level 12. HP: 70/88 MP: 22/32
 17110 | Lair:3   | Reached skill level 5 in Fire Magic
 17119 | Lair:3   | Learned a level 6 spell: Conjure Ball Lightning
 17191 | Lair:3   | Reached skill level 5 in Air Magic
 19043 | Lair:4   | Noticed TomPliss' ghost (powerful OgHu)
 19051 | Lair:4   | Killed TomPliss' ghost
 19432 | Lair:5   | Noticed Harold
 20022 | Lair:5   | Reached skill level 12 in Spellcasting
 20713 | Lair:5   | Killed Harold
 20716 | Lair:5   | Reached XP level 13. HP: 79/93 MP: 8/35
 20878 | Lair:5   | Reached skill level 13 in Spellcasting
 20980 | Lair:5   | Learned a level 1 spell: Summon Butterflies
 21868 | Lair:6   | Offered knowledge of Ignite Poison by Vehumet.
 21938 | Lair:6   | Learned a level 5 spell: Ignite Poison
 22666 | Lair:6   | Reached skill level 14 in Spellcasting
 22697 | Lair:6   | Found a viscous altar of Jiyva.
 22697 | Lair:6   | Found a staircase to the Slime Pits.
 23577 | Lair:6   | Learned a level 2 spell: Swiftness
 23679 | Lair:4   | Reached skill level 15 in Spellcasting
 24030 | D:11     | Noticed an ice statue
 24651 | D:11     | Paralysed by a giant eyeball for 3 turns
 24738 | Snake:1  | Entered Level 1 of the Snake Pit
 25099 | Snake:1  | Learned a level 5 spell: Fireball
 25373 | Snake:1  | Slain by an anaconda

Action                   |  1- 3 |  4- 6 |  7- 9 | 10-12 | 13-15 || total
-------------------------+-------+-------+-------+-------+-------++-------
Melee: Club              |    10 |       |       |       |       ||    10
       Hand axe          |    18 |       |       |       |       ||    18
       Spear             |     9 |       |       |       |       ||     9
       Short sword       |     4 |    33 |       |       |       ||    37
       Dagger            |       |   136 |   145 |   193 |    24 ||   498
       Falchion          |       |       |       |     5 |       ||     5
Throw: Dart              |    10 |       |       |       |       ||    10
       Tomahawk          |       |       |     2 |       |       ||     2
 Cast: Magic Dart        |    56 |    79 |   300 |   337 |   149 ||   921
       Dazzling Spray    |       |    21 |    33 |   155 |    70 ||   279
       Iskenderun's Batt |       |     1 |    27 |    59 |    32 ||   119
       Iskenderun's Myst |       |       |     6 |    50 |    34 ||    90
       Mephitic Cloud    |       |       |       |    14 |    14 ||    28
       Sticky Flame      |       |       |       |    10 |    14 ||    24
       Flight            |       |       |       |     3 |     2 ||     5
       Conjure Ball Ligh |       |       |       |    10 |     2 ||    12
       Repel Missiles    |       |       |       |     1 |       ||     1
       Ignite Poison     |       |       |       |       |     7 ||     7
       Summon Butterflie |       |       |       |       |     3 ||     3
       Fireball          |       |       |       |       |     2 ||     2
Evoke: Wand              |       |     3 |     6 |    19 |    11 ||    39
  Use: Scroll            |     4 |       |    21 |    15 |     5 ||    45
       Potion            |       |     2 |     2 |     1 |     6 ||    11
 Stab: Sleeping          |     4 |     3 |     2 |       |       ||     9
       Invisible         |       |     2 |       |     4 |       ||     6
